 Dungeon Crawl Stone Soup version 0.24.0-123-gd5b16e6ec5 (webtiles) character file.

Game seed: 3610779168492366351, levelgen mode: deterministic

1298 Curus the Basher (level 8, 0/62 HPs)
             Began as a Minotaur Gladiator on Jan 20, 2020.
             Was a Follower of Okawaru.
             Slain by an orc warrior
             ... wielding a +0 trident
              (9 damage)
             ... on level 6 of the Dungeon.
             The game lasted 00:19:12 (4866 turns).

Curus the Basher (Minotaur Gladiator)               Turns: 4866, Time: 00:19:13

Health: 0/62       AC: 15    Str: 19    XL:     8   Next: 31%
Magic:  7/7        EV: 11    Int:  7    God:    Okawaru [*.....]
Gold:   54         SH:  3    Dex: 12    Spells: 7/7 levels left

rFire    + . .     SeeInvis .   r - +1 flail (protect)
rCold    . . .     Gourm    .   e - +0 buckler
rNeg     . . .     Faith    .   q - +1 leather armour {rF+}
rPois    .         Spirit   .   c - +0 hat
rElec    .         Reflect  .   (no cloak)
rCorr    .         Harm     .   (no gloves)
MR       .....                  (no boots)
Stlth    ++........             (no amulet)
HPRegen  0.20/turn              g - ring of stealth
MPRegen  0.10/turn              h - +4 ring of protection

@: protection aura, drained
A: retaliatory headbutt, horns 2
a: Heroism, Renounce Religion


You were on level 6 of the Dungeon.
You worshipped Okawaru.
Okawaru was aware of your devotion.
You were not hungry.

You visited 2 branches of the dungeon, and saw 7 of its levels.

You collected 397 gold pieces.
You spent 343 gold pieces at shops.

Inventory:

Hand Weapons
 a - a +2 flail
 n - a +0 morningstar
 p - a +0 whip of pain
 r - a +1 flail of protection (weapon)
Missiles
 d - 3 throwing nets (quivered)
Armour
 b - a +0 leather armour
 c - a +0 hat (worn)
 e - a +0 buckler (worn)
 q - a +1 leather armour of fire resistance (worn)
Jewellery
 g - a ring of stealth (left hand)
 h - a +4 ring of protection (right hand)
 t - an uncursed amulet of rage {unknown}
 u - an uncursed amulet of rage {unknown}
Wands
 j - a wand of flame (19)
 k - a wand of disintegration (13)
 s - a wand of random effects (21)
Scrolls
 i - 2 scrolls of fear
 l - 2 scrolls of identify
 m - a scroll of magic mapping
 v - a scroll of summoning
 w - a scroll of enchant armour
 x - a scroll of enchant weapon
Potions
 o - a potion of brilliance
Comestibles
 f - 11 rations


   Skills:
 - Level 2.4(1.6) Fighting
 + Level 12.3(11.2) Maces & Flails
 - Level 2.0(1.2) Throwing
 - Level 3.2(2.4) Dodging


You had 7 spell levels left.
You didn't know any spells.
Your spell library contained the following spells:

 Spells                   Type           Power        Failure   Level  Hunger
 Summon Lightning Spire   Summ/Air       #.......     100%        4    #####..
 Silence                  Hex/Air        #.........   100%        5    ######.
 Conjure Ball Lightning   Conj/Air       #.........   100%        6    #######
 Deflect Missiles         Chrm/Air       #.........   100%        6    #######
 Tornado                  Air            #.........   100%        9    #######


Dungeon Overview and Level Annotations

Branches:
Dungeon (6/15)             Temple (1/1) D:4

Altars:
Cheibriados
Elyvilon
Kikubaaqudgha
Okawaru
Ru
Uskayaw
Wu Jian
Zin
The Shining One

Shops:
D:6 ?


Innate Abilities, Weirdness & Mutations

You reflexively headbutt those who attack you in melee.
You have a pair of horns on your head.


Message History

* * * LOW HITPOINT WARNING * * *
You thump the orc warrior!
The orc warrior is heavily wounded.
You closely miss the orc warrior.
The orc warrior is heavily wounded.
The orc warrior hits you but does no damage.
You hit the orc warrior but do no damage.
The orc warrior is heavily wounded.
The orc warrior hits you with a +0 trident!
* * * LOW HITPOINT WARNING * * *
You hit the orc warrior.
The orc warrior is heavily wounded.
The orc warrior closely misses you.
Throwing (i - inventory)
d - 4 throwing nets (quivered)
Press: ? - help, Shift-Dir - straight line, f - orc warrior
Aim: an orc warrior, wielding a +0 trident and wearing a +0 plate armour (heavily wounded)
You throw a throwing net.
The throwing net barely misses the orc warrior.
The orc warrior hits you with a +0 trident!
You die...

......#######.######
......##.##...#...#
......##.##...#...####
..######.###..#......##.
..# ###.####.#..#......
..... ..................
.#######.#...........#
.#..............)....#
.#.#####.#.###.(@###.#
.#.# #..<.......)o# .+
.#.# #.###.#........
.#.# #.# #.#.##.......
##.###.###.#....>.##..#
...........#.###..# .(#
...#.......# #..# .#
####.#.....# #.## #
...#.#.###.#


You could see an orc warrior.

Vanquished Creatures
  Sigmund (D:2)
  Eustachio (D:5)
  A sky beast (D:5)
  An ogre (D:5)
  A scorpion (D:5)
  A water moccasin skeleton (D:4)
  2 crimson imps
  4 orc priests
  A centaur skeleton (D:5)
  A hound (D:4)
  4 orc wizards
  A bullfrog skeleton (D:4)
  An iron imp (D:5)
  3 worker ants
  3 gnolls (D:3)
  6 adders
  2 oozes
  5 worms
  3 dart slugs
  3 leopard geckos
  20 orcs
  2 ball pythons
  7 giant cockroaches
  7 goblins
  7 hobgoblins
  7 jackals
  2 quokkas (D:3)
  6 bats
  4 frilled lizards
  A giant cockroach zombie (D:5)
  9 kobolds
  6 rats
123 creatures vanquished.

Notes
Turn   | Place    | Note
-------+----------+-------------------------------------------
     0 | D:1      | Curus the Minotaur Gladiator began the quest for the Orb.
     0 | D:1      | Reached XP level 1. HP: 18/18 MP: 0/0
   180 | D:1      | Reached skill level 4 in Maces & Flails
   299 | D:1      | Reached XP level 2. HP: 19/25 MP: 1/1
   546 | D:1      | Reached skill level 5 in Maces & Flails
   572 | D:1      | Reached XP level 3. HP: 29/30 MP: 2/2
  1277 | D:2      | Reached skill level 6 in Maces & Flails
  1277 | D:2      | Reached XP level 4. HP: 34/37 MP: 3/3
  1405 | D:2      | Noticed Sigmund
  1412 | D:2      | Killed Sigmund
  1412 | D:2      | Reached skill level 8 in Maces & Flails
  1412 | D:2      | Reached XP level 5. HP: 23/42 MP: 4/4
  1970 | D:3      | Reached XP level 6. HP: 50/50 MP: 5/5
  2799 | D:4      | Reached skill level 9 in Maces & Flails
  3069 | D:4      | Found a staircase to the Ecumenical Temple.
  3085 | D:4      | Reached XP level 7. HP: 48/56 MP: 6/6
  3102 | Temple   | Entered the Ecumenical Temple
  3109 | Temple   | Became a worshipper of Warmaster Okawaru
  3500 | D:5      | Entered Level 5 of the Dungeon
  3533 | D:5      | Noticed Eustachio
  3545 | D:5      | Killed Eustachio
  3545 | D:5      | Reached skill level 10 in Maces & Flails
  3823 | D:5      | Found a white marble altar of Elyvilon.
  3823 | D:5      | Found a glowing golden altar of the Shining One.
  3823 | D:5      | Found a glowing silver altar of Zin.
  3894 | D:5      | Found a snail-covered altar of Cheibriados.
  3918 | D:5      | Reached skill level 11 in Maces & Flails
  4234 | D:5      | Reached XP level 8. HP: 62/62 MP: 7/7
  4302 | D:5      | Reached * piety under Okawaru
  4619 | D:6      | Found Leuweg Manko's Magic Scroll Shop.
  4658 | D:6      | Reached skill level 12 in Maces & Flails
  4701 | D:6      | Bought a scroll of summoning for 133 gold pieces
  4701 | D:6      | Bought a scroll of enchant armour for 105 gold pieces
  4701 | D:6      | Bought a scroll of enchant weapon for 105 gold pieces
  4793 | D:6      | Found a sacrificial altar of Ru.
  4866 | D:6      | Slain by an orc warrior

Levels and vault maps discovered:
D:1:      dpeg_arrival_brainrot, layout_basic
D:2:      layout_basic, serial_curves, eino_curves_03, eino_curves_02,
          first_ration, uniq_sigmund
D:3:      layout_rooms, minmay_misc_feat_room
D:4:      layout_loops_corners, minmay_temple_entry_arrows
D:5:      layout_loops_corners, good_gods_mini_temple, slow_altar_1,
          uniq_eustachio
D:6:      layout_basic, serial_shops, shop, basic_altar,
          nicolae_ru_sacrificial_ziggurat
Temple:   eino_wide_crystal_templ

Skill      XL: |  1  2  3  4  5  6  7  8 |
---------------+-------------------------+-----
Maces & Flails | 4 5 6 8 9 11 12 | 12.3
Fighting       | |  2.4
Throwing       | |  2.0
Dodging        | |  3.2

Action                   |  1- 3 |  4- 6 |  7- 9 || total
-------------------------+-------+-------+-------++-------
Melee: Flail             |    89 |   106 |    88 ||   283
       Headbutt          |    11 |    14 |    20 ||    45
       Morningstar       |       |       |    41 ||    41
Throw: Throwing net      |       |       |     1 ||     1
  Use: Potion            |     4 |       |     2 ||     6
       Scroll            |     3 |     3 |     5 ||    11
 Stab: Sleeping          |     5 |     4 |     1 ||    10
       Distracted        |     1 |       |       ||     1
  Eat: Chunk             |     1 |     6 |     3 ||    10
       Ration            |       |       |     1 ||     1
Armor: Leather armour    |    14 |    30 |    51 ||    95
Dodge: Dodged            |    57 |    60 |    52 ||   169
Block: Buckler           |     9 |     9 |    11 ||    29
